 Dungeon Crawl Stone Soup version 0.26-a0-1181-gd376ed14c5 (webtiles) character file.

Game seed: 1543502056348256951

889 uibert the Purveyor of Pain (level 7, -11/51 HPs)
             Began as a Demonspawn Necromancer on Dec 25, 2020.
             Was an Initiate of Kikubaaqudgha.
             Shot with an arrow by a centaur (13 damage)
             ... on level 5 of the Dungeon.
             The game lasted 00:28:02 (7682 turns).

uibert the Purveyor of Pain (DsNe)                  Turns: 7682, Time: 00:28:03

Health: -11/51     AC:  3    Str: 10    XL:     7   Next: 77%
Magic:  11/11      EV: 13    Int: 23    God:    Kikubaaqudgha [......]
Gold:   234        SH:  0    Dex: 13    Spells: 4/12 levels left

rFire    . . .     SeeInvis .   l - +1 dagger (freeze)
rCold    . . .     Faith    .   (no shield)
rNeg     . . .     Spirit   .   a - +0 robe
rPois    .         Reflect  .   (helmet restricted)
rElec    .         Harm     .   (no cloak)
rCorr    .         Rampage  .   q - +0 pair of gloves
Will     .....                  (no boots)
Stlth    ++........             (no amulet)
HPRegen  0.17/turn              n - +6 ring of intelligence
MPRegen  0.12/turn              t - ring of wizardry

@: about to teleport
A: antennae 1, demonic guardian 1, powered by death 1
a: Renounce Religion


You were on level 5 of the Dungeon.
You worshipped Kikubaaqudgha.
Kikubaaqudgha was noncommittal.
You visited 2 branches of the dungeon, and saw 6 of its levels.

You collected 234 gold pieces.

Inventory:

Hand Weapons
 g - a +0 mace
 l - a +1 dagger of freezing (weapon)
 u - a +0 dagger of protection
Missiles
 e - 105 stones (quivered)
Armour
 a - a +0 robe (worn)
 q - a +0 pair of gloves (worn)
Jewellery
 n - a +6 ring of intelligence (left hand)
 t - a ring of wizardry (right hand)
Scrolls
 f - 3 scrolls of teleportation
 h - a scroll of immolation
 j - a scroll of remove curse
 k - a scroll of enchant weapon
 o - 2 scrolls of fear {unknown}
 p - a scroll of fog {unknown}
 r - a scroll of blinking {unknown}
 v - a scroll of amnesia {unknown}
Potions
 b - 2 potions of mutation {unknown}
 c - 2 potions of flight {unknown}
 d - a potion of attraction {unknown}
 i - 2 potions of heal wounds {unknown}
 m - 2 potions of ambrosia {unknown}
 s - a potion of curing {unknown}


   Skills:
 + Level 2.4 Fighting
 + Level 3.0 Dodging
 + Level 3.2 Stealth
 + Level 3.1 Spellcasting
 * Level 8.7 Necromancy


You had 4 spell levels left.
You knew the following spells:

 Your Spells              Type           Power        Failure   Level
a - Pain                  Necr           100%         1%          1
b - Vampiric Draining     Necr           21%          1%          3
c - Animate Dead          Necr           21%          1%          4

Your spell library contained the following spells:

 Spells                   Type           Power        Failure   Level
 Animate Skeleton         Necr           86%          1%          1
 Agony                    Necr           43%          3%          5


Dungeon Overview and Level Annotations

Branches:
Dungeon (5/15)             Temple (1/1) D:4

Altars:
Ashenzari
Elyvilon
Fedhas
Gozag
Hepliaklqana
Kikubaaqudgha
Makhleb
Nemelex Xobeh
Qazlal
Ru
Sif Muna
Trog
Wu Jian
Yredelemnul
Zin
The Shining One

Shops:
D:5 =


Innate Abilities, Weirdness & Mutations

You have a pair of small antennae on your head.
A weak demonic guardian rushes to your aid.
You regenerate a little health from kills.


Message History

Found an arrow.
You see here an arrow.
The centaur shoots an arrow.
The arrow hits you.
* * * LOW HITPOINT WARNING * * *
The centaur shoots an arrow.
The arrow closely misses you.
You see here an arrow.
Okay, then.
The centaur shoots an arrow.
The arrow hits you.
* * * LOW HITPOINT WARNING * * *
You see here an arrow.
The centaur shoots an arrow.
The arrow hits you!
* * * LOW HITPOINT WARNING * * *
You see here an arrow.
Okay, then.
As you read the scroll of teleportation, it crumbles to dust.
You feel strangely unstable.
The centaur shoots an arrow.
The arrow barely misses you. The arrow hits your white imp.
The centaur shoots an arrow.
The arrow hits you!
You die...
Kikubaaqudgha rasps: "You have failed me!
Welcome... death!"

#.# ###...#.# ##.##
##...# ....# ###..>.
##..###########....
##...........##c...
)).....# ##........
.......####(..#......
)........5(.#5..######
.......###### #.@#
.......# #.5# .......#
#.(# .......# #.(#
######## ####


You could see a centaur and 2 friendly white imps.

Vanquished Creatures
  An ice beast (D:5)
  A black bear (D:3)
  A bullfrog zombie (D:5)
  A howler monkey (D:4)
  A bullfrog skeleton (D:4)
  A hound (D:4)
  2 centaur skeletons (D:4)
  3 orc wizards (D:4)
  A gnoll shaman (D:4)
  4 iguanas
  3 worker ants
  Robin (D:3)
  3 adders
  5 gnolls (D:4)
  An ooze (D:2)
  A worm (D:4)
  4 dart slugs
  2 leopard geckos
  20 orcs
  9 bats
  5 giant cockroaches
  10 goblins
  13 hobgoblins
  4 jackals (D:2)
  4 kobolds
  2 quokkas
  2 ball pythons
  4 frilled lizards
  2 jackal skeletons (D:4)
  5 rats
116 creatures vanquished.

Vanquished Creatures (collateral kills)
  An ice beast (D:5)
  An orc wizard (D:4)
  An adder (D:3)
  2 orcs (D:4)
  A goblin (D:3)
  A hobgoblin (D:3)
7 creatures vanquished.

Grand Total: 123 creatures vanquished

Notes
Turn   | Place    | Note
-------+----------+-------------------------------------------
     0 | D:1      | uibert the Demonspawn Necromancer began the quest for the
                  | Orb.
     0 | D:1      | Reached XP level 1. HP: 13/13 MP: 3/3
   511 | D:1      | Gained mutation: A weak demonic guardian rushes to your
                  | aid. [demonic ancestry]
   511 | D:1      | Reached XP level 2. HP: 16/19 MP: 1/5
   591 | D:1      | Found a glowing golden altar of the Shining One.
   628 | D:1      | Reached skill level 5 in Necromancy
  1572 | D:2      | Gained mutation: You have a pair of small antennae on your
                  | head. [demonic ancestry]
  1572 | D:2      | Reached XP level 3. HP: 20/24 MP: 2/6
  2031 | D:2      | Reached skill level 6 in Necromancy
  2082 | D:2      | Learned a level 3 spell: Vampiric Draining
  2580 | D:3      | Identified the +1 helmet "Qedi" {-Cast Harm rC++ rCorr
                  | SInv}
  2580 | D:3      | Noticed Robin
  2585 | D:3      | Gained mutation: You regenerate a little health from kills.
                  | [demonic ancestry]
  2585 | D:3      | Reached XP level 4. HP: 22/30 MP: 3/7
  3045 | D:3      | Noticed a black bear
  3052 | D:3      | Killed a black bear
  3053 | D:3      | Reached skill level 7 in Necromancy
  3053 | D:3      | Reached XP level 5. HP: 34/35 MP: 0/8
  3276 | D:3      | Killed Robin
  4382 | D:4      | Reached XP level 6. HP: 31/42 MP: 7/9
  4602 | D:4      | Reached skill level 1 in Fighting
  5320 | D:4      | Found a staircase to the Ecumenical Temple.
  5338 | Temple   | Entered the Ecumenical Temple
  5570 | Temple   | Became a worshipper of Kikubaaqudgha
  5597 | D:4      | Learned a level 4 spell: Animate Dead
  6006 | D:4      | Reached skill level 8 in Necromancy
  6397 | D:4      | Reached XP level 7. HP: 45/49 MP: 6/11
  6771 | D:4      | Found a shimmering blue altar of Sif Muna.
  6923 | D:5      | Entered Level 5 of the Dungeon
  6929 | D:5      | Noticed a yak
  7302 | D:5      | Found Yfietz's Jewellery Shop.
  7681 | D:5      | HP: 2/51 [centaur/arrow (9)]
  7682 | D:5      | Shot with an arrow by a centaur

Illustrated notes

Levels and vault maps discovered:
D:1:      evilmike_arrival_hilbert_curve, layout_loops_ring,
          chequers_serial_rivers_micro_a, tso_metal_star
D:2:      layout_loops_ring
D:3:      layout_loops_ring, minmay_fountain_box, uniq_robin
D:4:      layout_gridville, marbit_many_paths,
          minmay_temple_entry_statues_pillars, minmay_stone_trees_medium,
          kennysheep_doodads, feat_on_display
D:5:      layout_rooms, serial_shops, shop, kennysheep_big_empty_room
Temple:   regret_index_temple_generic_petals

Skill      XL: |  1  2  3  4  5  6  7 |
---------------+----------------------+-----
Necromancy     | 5 6 7 8 |  8.7
Dodging        | 2 3 |  3.0
Stealth        | 2 3 |  3.2
Fighting       | 1 2 |  2.4
Spellcasting   | 3 |  3.1

Action                   |  1- 3 |  4- 6 |  7- 9 || total
-------------------------+-------+-------+-------++-------
Melee: Club              |    16 |       |       ||    16
       Mace              |       |     9 |       ||     9
       Dagger            |       |    98 |    25 ||   123
 Cast: Pain              |    71 |    97 |    49 ||   217
       Vampiric Draining |     1 |     5 |       ||     6
       Animate Dead      |       |       |     3 ||     3
  Use: Scroll            |       |     6 |     2 ||     8
 Stab: Distracted        |       |     1 |     1 ||     2
       Sleeping          |       |     1 |       ||     1
Armor: Robe              |     7 |    18 |     1 ||    26
Dodge: Dodged            |    23 |    76 |    23 ||   122

Table legend: (Time is in decaauts)
 A = Elapsed time spent in this place.
 B = Non-inter-level travel time spent in this place.
 C = Inter-level travel time spent in this place.
 D = Time resting spent in this place.
 E = Time spent auto-exploring this place.
 F = Levels seen in this place.
 G = Mean time per level.
                   A        B        C        D        E       F      G
               +--------+--------+--------+--------+--------+-----+--------+
         Total |   7708 |   6419 |   1289 |   2549 |   2474 |   6 | 1284.7 |
       Dungeon |   7455 |   6249 |   1206 |   2549 |   2313 |   5 | 1491.0 |
        Temple |    252 |    169 |     83 |      0 |    161 |   1 |  252.0 |
               +--------+--------+--------+--------+--------+-----+--------+

Top non-repeatable levels by time:
     D:4: 2008 daAuts
     D:3: 1958 daAuts
     D:1: 1572 daAuts
     D:2: 1157 daAuts
     D:5: 758 daAuts
  Temple: 252 daAuts
